 Dungeon Crawl Stone Soup version 0.32-a0-986-ga09f62fbf4 (webtiles) character file.

Game seed: 10139501319792300640

70 protoss039 the Digger (level 4, 33/33 HPs)
             Began as a Demonspawn Earth Elementalist on Apr 21, 2024.
             Got out of the dungeon alive.
             The game lasted 00:02:18 (2085 turns).

protoss039 the Digger (DsEE)                        Turns: 2085, Time: 00:02:19

Health: 33/33      AC:  2    Str:  8    XL:     4   Next: 3%
Magic:  8/8        EV: 11    Int: 17    God:
Gold:   67         SH:  4    Dex: 14    Spells: 4/8 levels left

rFire   . . .        d - +0 dagger
rCold   . . .        (no shield)
rNeg    . . .        a - +0 robe
rPois   .            (no helmet)
rElec   .            (no cloak)
rCorr   .            (no gloves)
SInv    .            (no boots)
Will    .....        c - amulet of guardian spirit
Stlth   ++           k - ring of flight
HPRegen 0.25/turn    (no ring)
MPRegen 0.11/turn

%: guardian spirit
@: flying
A: large bone plates 1, spiny 1
a: no special abilities


You escaped.
You visited 1 branch of the dungeon, and saw 2 of its levels.

You collected 97 gold pieces.
You spent 30 gold pieces at shops.

Inventory:

Hand Weapons
 d - a +0 dagger (weapon)
Armour
 a - a +0 robe (worn)
Jewellery
 c - an amulet of guardian spirit (around neck)
 k - a ring of flight (left hand)
Wands
 p - a wand of flame (12)
Scrolls
 f - a scroll of torment {unknown}
 h - a scroll of identify {unknown}
 j - a scroll of teleportation {unknown}
 m - a scroll of enchant weapon {unknown}
 n - a scroll of poison {unknown}
 o - a scroll of silence {unknown}
Potions
 b - a potion of magic
 e - a potion of heal wounds {unknown}
 g - 2 potions of curing
 i - 2 potions of brilliance {unknown}
 l - a potion of mutation {unknown}


   Skills:
 + Level 2.0 Fighting
 - Level 1.7 Dodging
 - Level 1.7 Stealth
 + Level 2.8 Spellcasting
 - Level 1.0 Conjurations
 + Level 3.3 Earth Magic


You had 4 spell levels left.
You knew the following spells:

 Your Spells              Type           Power      Damage    Failure   Level
a - Sandblast             Erth           26%        2d8       4%          1
b - Passwall              Erth           13%        N/A       14%         3

Your spell library contained the following spells:

 Spells                   Type           Power      Damage    Failure   Level
 Stone Arrow              Conj/Erth      18%        3d8       22%         3
 Brom's Barrelling Bould  Conj/Erth      9%         2d3       58%         4
 Petrify                  Alch/Erth      8%         N/A       65%         4


Dungeon Overview and Level Annotations

Branches:
Dungeon (2/15) Zot: 9890

Altars:

Shops:
D:1 !


Innate Abilities, Weirdness & Mutations

You are partially covered in large bone plates. (SH +4)
You are partially covered in sharp spines.


Message History

Press: ? - help, Shift-Dir - straight line, f/p - dart slug
Aim: a dart slug (almost dead, 100% to hit)
The blast of sand hits the dart slug.
You kill the dart slug!
You have reached level 4!
You feel agile.
Your demonic ancestry asserts itself...
Sharp spines emerge from parts of your body.
No target in view!
p - a wand of flame (12)
A quokka comes into view.
A quokka is nearby!
Unknown command.
Found a fizzy dark potion.
The helpless quokka fails to defend itself.
You hit the quokka.
The quokka is almost dead.
The quokka is struck by your spines.
You kill the quokka!
No target in view!
i - 2 fizzy dark potions (gained 1)
There is a stone staircase leading down here.
Done exploring.
Done exploring.
No target in view!
Done exploring.
No target in view!
Done exploring.
Search for what [Enter for "."]? .
Done exploring.
You see here an adder corpse.
There is a stone staircase leading up here.
You fly upwards.
There is a stone staircase leading down here.
You see here a +0 whip.
Things that are here:
a +0 short sword; a kobold skeleton You see here a bat skeleton.
You see here 6 stones.
There is a staircase leading out of the dungeon here.
You have escaped!

#.....#### #.# #...#..)#>#
.........# #.####..#..###.
....)....# #.........[....
.....÷...# #.####.########
#.#...#### #.######...####
#.#...######## ######(.##.###.##.
#............###..##.#.#.###.####
###............#....##.#..##.##..
#.∩####......#@.#####..#.#....#
#..# ########....###.##.#.####
#..# #...#..##...##.###.... #..#
#.############## #####
#..#######.## #..# #...........#
#..# ##.########..####..### #..#
#.......(..########## #.##
##.......#..........#


There were no monsters in sight!

Vanquished Creatures
  A gnoll (D:1)
  An adder (D:2)
  2 dart slugs
  A ribbon worm (D:2)
  2 ball pythons (D:2)
  8 endoplasms
  A giant cockroach (D:2)
  3 hobgoblins
  6 kobolds
  3 quokkas
  5 bats (D:1)
  3 goblins
  5 rats
41 creatures vanquished.

Notes
Turn   | Place    | Note
-------+----------+-------------------------------------------
     0 | D:1      | protoss039 the Demonspawn Earth Elementalist began the
                  | quest for the Orb.
     0 | D:1      | Reached XP level 1. HP: 13/13 MP: 3/3
   180 | D:1      | Gained mutation: You are partially covered in large bone
                  | plates. (SH +4) [demonic ancestry]
   180 | D:1      | Reached XP level 2. HP: 6/20 MP: 0/5
   336 | D:1      | Reached skill level 1 in Fighting
   415 | D:1      | Reached skill level 3 in Earth Magic
   445 | D:1      | Reached XP level 3. HP: 19/26 MP: 0/6
   634 | D:1      | Found Kiot's Distillery.
   666 | D:1      | Bought a potion of curing for 30 gold pieces
  1229 | D:1      | Learned a level 3 spell: Passwall
  1842 | D:2      | Gained mutation: You are partially covered in sharp spines.
                  | [demonic ancestry]
  1842 | D:2      | Reached XP level 4. HP: 33/33 MP: 5/8
  2085 | D:$      | Got out of the dungeon alive.

Illustrated notes

Levels and vault maps discovered:
D:1:      dpeg_arrival_signposts, layout_loops_ring, serial_shops, shop
D:2:      layout_rooms, kennysheep_generic_room_4

Skill      XL: |  1  2  3 |
---------------+----------+-----
Fighting       | 1 2 |  2.0
Earth Magic    | 3 |  3.3
Dodging        | |  1.7
Stealth        | |  1.7
Spellcasting   | |  2.8
Conjurations   | |  1.0

Action                     |  1- 3 |  4- 6 || total
---------------------------+-------+-------++-------
  Melee: Dagger            |    38 |     1 ||    39
   Cast: Sandblast         |    50 |       ||    50
   Stab: Sleeping          |     1 |     1 ||     2
 Armour: Robe              |    24 |       ||    24
  Dodge: Dodged            |    37 |       ||    37
  Block: Other             |    13 |       ||    13

Table legend: (Time is in decaauts)
 A = Elapsed time spent in this place.
 B = Non-inter-level travel time spent in this place.
 C = Inter-level travel time spent in this place.
 D = Time resting spent in this place.
 E = Time spent auto-exploring this place.
 F = Levels seen in this place.
 G = Mean time per level.
                   A        B        C        D        E       F      G
               +--------+--------+--------+--------+--------+-----+--------+
         Total |   2109 |   1869 |    240 |     50 |   1519 |   2 | 1054.5 |
       Dungeon |   2109 |   1869 |    240 |     50 |   1519 |   2 | 1054.5 |
               +--------+--------+--------+--------+--------+-----+--------+

Top non-repeatable levels by time:
     D:1: 1384 daAuts
     D:2: 725 daAuts
